TOP OF THE 1ST |
Philadelphia 1776 BC batting - Pitching for Brooklyn Dodgers : RHP Eddie Kop
|
Pitching: RHP Eddie Kop
|
|
Batting: LHB Tony Vega
|
0-0: Called Strike 0-1: Called Strike 0-2: Fly out, F7 (Flyball, 7LSF)
|
Batting: LHB Cliff Aldridge
|
0-0: Ball 1-0: Ball 2-0: Ball 3-0: Base on Balls
|
Batting: LHB Manoo Satyavrat
|
0-0: Ball 1-0: Fly out, F6 (Popup, 6M)
|
Batting: LHB José Rodríguez
|
0-0: Called Strike 0-1: Ball 1-1: Called Strike 1-2: Ball 2-2: SINGLE (Groundball, 23) (infield hit) Cliff Aldridge to second
|
Batting: SHB Sam Quint
|
0-0: Ball 1-0: Called Strike 1-1: Foul Ball, location: 2F 1-2: Strikes out swinging
|
Top of the 1st over - 0 runs, 1 hit, 0 errors, 2 left on base; Philadelphia 1776 0 - Brooklyn 0 |
BOTTOM OF THE 1ST |
Brooklyn Dodgers batting - Pitching for Philadelphia 1776 BC : RHP William MacKnight
|
Pitching: RHP William MacKnight
|
|
Batting: RHB Vincent Crane
|
0-0: Ball 1-0: Swinging Strike 1-1: Swinging Strike 1-2: Fly out, F4 (Popup, 13)
|
Batting: LHB Mysterious Walker
|
0-0: Ball 1-0: SINGLE (Line Drive, 89S)
|
Batting: RHB Oliver Aranda
|
0-0: Ball 1-0: Fly out, F6 (Popup, 6MS)
|
Batting: SHB Juan Rivas
|
0-0: Called Strike 0-1: Ball 1-1: Ball 2-1: Ball 3-1: Called Strike 3-2: SINGLE (Groundball, 4MD) Mysterious Walker to second Mysterious Walker to third
|
Batting: LHB Avon Barksdale
|
0-0: Called Strike 0-1: Foul Ball, location: 2F 0-2: Ground out 4-3 (Groundball, 34)
|
Bottom of the 1st over - 0 runs, 2 hits, 0 errors, 2 left on base; Philadelphia 1776 0 - Brooklyn 0 |
TOP OF THE 2ND |
Philadelphia 1776 BC batting - Pitching for Brooklyn Dodgers : RHP Eddie Kop
|
Batting: RHB John Schnatter
|
0-0: Ground out 4-3 (Groundball, 4M)
|
Batting: RHB Patrizio Vanali
|
0-0: Called Strike 0-1: Ground out 1-3 (Groundball, 15)
|
Batting: SHB Jesús Cabañe
|
0-0: Called Strike 0-1: Foul Ball, location: 2F 0-2: Ball 1-2: Strikes out swinging
|
Top of the 2nd over - 0 runs, 0 hits, 0 errors, 0 left on base; Philadelphia 1776 0 - Brooklyn 0 |
BOTTOM OF THE 2ND |
Brooklyn Dodgers batting - Pitching for Philadelphia 1776 BC : RHP William MacKnight
|
Batting: LHB Ki-tak Im
|
0-0: Ball 1-0: SINGLE (Groundball, 4D)
|
Batting: RHB Gustavo Mateo
|
0-0: Called Strike 0-1: Called Strike 0-2: Fly out, F7 (Line Drive, 7D)
|
Batting: RHB Ulbert Sutkamp
|
0-0: Called Strike 0-1: Swinging Strike 0-2: Ball 1-2: DOUBLE (Flyball, 78XD) Ki-tak Im to third
|
Batting: RHB Gerald Clark
|
0-0: Called Strike 0-1: Swinging Strike 0-2: Ground out 6-3 (Groundball, 6) Ki-tak Im scores Ulbert Sutkamp to third
|
Batting: RHB Vincent Crane
|
0-0: Ball 1-0: SINGLE (Flyball, 9S) Ulbert Sutkamp scores
|
Batting: LHB Mysterious Walker
|
0-0: Called Strike 0-1: Foul Ball, location: 2F 0-2: Hit by Pitch Vincent Crane to second
|
Batting: RHB Oliver Aranda
|
0-0: Ball 1-0: Ball 2-0: Ball 3-0: Called Strike 3-1: Swinging Strike 3-2: Fly out, F9 (Flyball, 9LMF)
|
Bottom of the 2nd over - 2 runs, 3 hits, 0 errors, 2 left on base; Philadelphia 1776 0 - Brooklyn 2 |
TOP OF THE 3RD |
Philadelphia 1776 BC batting - Pitching for Brooklyn Dodgers : RHP Eddie Kop
|
Batting: RHB Fernando Rivera
|
0-0: Ball 1-0: Called Strike 1-1: Ball 2-1: Called Strike 2-2: Ball 3-2: Base on Balls
|
Batting: LHB Tony Vega
|
0-0: Foul Ball, location: 2F 0-1: Ball 1-1: Foul Ball, location: 2F 1-2: Ball 2-2: Ball 3-2: Fly out, F7 (Flyball, 7S)
|
Batting: LHB Cliff Aldridge
|
0-0: Called Strike 0-1: Fly out, F8 (Flyball, 8RS)
|
Batting: LHB Manoo Satyavrat
|
0-0: Foul Ball, location: 2F 0-1: Ball 1-1: Called Strike 1-2: Foul Ball, location: 2F 1-2: Ball 2-2: SINGLE (Line Drive, 3L) Fernando Rivera to second Runner from 2nd tries for 3rd, SAFE, throw made to third
|
Batting: LHB José Rodríguez
|
0-0: Ball 1-0: Foul Ball, location: 2F 1-1: Ball 2-1: Foul Ball, location: 2F 2-2: Ball 3-2: Foul Ball, location: 2F 3-2: Foul Ball, location: 2F 3-2: Foul Ball, location: 2F 3-2: Base on Balls Manoo Satyavrat to second
|
Batting: SHB Sam Quint
|
0-0: Called Strike 0-1: Ball 1-1: Ball 2-1: Foul Ball, location: 2F 2-2: Strikes out looking
|
Top of the 3rd over - 0 runs, 1 hit, 0 errors, 3 left on base; Philadelphia 1776 0 - Brooklyn 2 |
BOTTOM OF THE 3RD |
Brooklyn Dodgers batting - Pitching for Philadelphia 1776 BC : RHP William MacKnight
|
Batting: SHB Juan Rivas
|
0-0: Ball 1-0: Called Strike 1-1: Swinging Strike 1-2: Ball 2-2: Foul Ball, location: 2F 2-2: Fly out, F8 (Line Drive, 8RM)
|
Batting: LHB Avon Barksdale
|
0-0: Called Strike 0-1: Ball 1-1: Foul Ball, location: 2F 1-2: Ball 2-2: Foul Ball, location: 2F 2-2: Foul Ball, location: 2F 2-2: Fly out, F8 (Flyball, 8RD)
|
Batting: LHB Ki-tak Im
|
0-0: Foul Ball, location: 2F 0-1: Ball 1-1: Ball 2-1: Ball 3-1: SINGLE (Groundball, 34D)
|
Batting: RHB Gustavo Mateo
|
0-0: Called Strike Ki-tak Im steals 2nd base 0-1: Ball 1-1: Swinging Strike 1-2: Foul Ball, location: 2F 1-2: Ball 2-2: Ball 3-2: Fly out, F8 (Line Drive, 8LXD)
|
Bottom of the 3rd over - 0 runs, 1 hit, 0 errors, 1 left on base; Philadelphia 1776 0 - Brooklyn 2 |
TOP OF THE 4TH |
Philadelphia 1776 BC batting - Pitching for Brooklyn Dodgers : RHP Eddie Kop
|
Batting: RHB John Schnatter
|
0-0: Ball 1-0: Foul Ball, location: 2F 1-1: Fly out, F8 (Line Drive, 78D)
|
Batting: RHB Patrizio Vanali
|
0-0: Fly out, F8 (Flyball, 8RS)
|
Batting: SHB Jesús Cabañe
|
0-0: Called Strike 0-1: Ball 1-1: Called Strike 1-2: Ball 2-2: Strikes out looking
|
Top of the 4th over - 0 runs, 0 hits, 0 errors, 0 left on base; Philadelphia 1776 0 - Brooklyn 2 |
BOTTOM OF THE 4TH |
Brooklyn Dodgers batting - Pitching for Philadelphia 1776 BC : RHP William MacKnight
|
Now in CF: Dave Morris
|
|
Batting: RHB Ulbert Sutkamp
|
0-0: Ball 1-0: SINGLE (Groundball, 56D)
|
Batting: RHB Gerald Clark
|
0-0: SINGLE (Groundball, 6MD) Ulbert Sutkamp to second Runner from 2nd tries for 3rd, SAFE, throw made to third
|
Pinch Runner at 3rd Adrian Rodgers:
|
|
Batting: RHB Vincent Crane
|
0-0: Called Strike 0-1: Ball 1-1: Foul Ball, location: 2F 1-2: Foul Ball, location: 2F 1-2: Foul Ball, location: 2F 1-2: Ball 2-2: Ball 3-2: Fielders Choice at 2nd, 3-6 (Groundball, 34) Adrian Rodgers scores
|
Batting: LHB Mysterious Walker
|
0-0: Called Strike Vincent Crane steals 2nd base 0-1: Ball 1-1: Ball 2-1: Fly out, F5 (Popup, 5SF)
|
Batting: RHB Oliver Aranda
|
0-0: Ball 1-0: Foul Ball, location: 2F 1-1: Ball 2-1: Ball 3-1: Foul Ball, location: 2F 3-2: 2-RUN HOME RUN (Flyball, 7LD), Distance : 342 ft
|
Batting: SHB Juan Rivas
|
0-0: Ball 1-0: Ball 2-0: Ground out 1-3 (Groundball, P)
|
Bottom of the 4th over - 3 runs, 3 hits, 0 errors, 0 left on base; Philadelphia 1776 0 - Brooklyn 5 |
TOP OF THE 5TH |
Philadelphia 1776 BC batting - Pitching for Brooklyn Dodgers : RHP Eddie Kop
|
Now at 3B: Adrian Rodgers
|
|
Batting: RHB Fernando Rivera
|
0-0: Ground out 6-3 (Groundball, 6D)
|
Batting: LHB Tony Vega
|
0-0: Ball 1-0: Ball 2-0: SINGLE (Flyball, 7S)
|
Batting: LHB Cliff Aldridge
|
0-0: Ball 1-0: Ball 2-0: Ball 3-0: Called Strike 3-1: Foul Ball, location: 2F 3-2: Strikes out swinging
|
Batting: LHB Manoo Satyavrat
|
0-0: Called Strike Tony Vega steals 2nd base 0-1: Swinging Strike 0-2: Strikes out swinging
|
Top of the 5th over - 0 runs, 1 hit, 0 errors, 1 left on base; Philadelphia 1776 0 - Brooklyn 5 |
BOTTOM OF THE 5TH |
Brooklyn Dodgers batting - Pitching for Philadelphia 1776 BC : RHP William MacKnight
|
Batting: LHB Avon Barksdale
|
0-0: Ball 1-0: Foul Ball, location: 2F 1-1: Ground out 1-3 (Groundball, 13S)
|
Batting: LHB Ki-tak Im
|
0-0: SINGLE (Flyball, 78M)
|
Batting: RHB Gustavo Mateo
|
0-0: Grounds into double play, 5-4-3 (Groundball, 56)
|
Bottom of the 5th over - 0 runs, 1 hit, 0 errors, 0 left on base; Philadelphia 1776 0 - Brooklyn 5 |
TOP OF THE 6TH |
Philadelphia 1776 BC batting - Pitching for Brooklyn Dodgers : RHP Eddie Kop
|
Batting: RHB Dave Morris
|
0-0: Ball 1-0: Called Strike 1-1: Foul Ball, location: 2F 1-2: Ball 2-2: Ball 3-2: Strikes out swinging
|
Batting: SHB Sam Quint
|
0-0: Ball 1-0: Called Strike 1-1: Ground out 4-3 (Groundball, 34)
|
Batting: RHB John Schnatter
|
0-0: Foul Ball, location: 2F 0-1: Swinging Strike 0-2: Ball 1-2: Strikes out swinging
|
Top of the 6th over - 0 runs, 0 hits, 0 errors, 0 left on base; Philadelphia 1776 0 - Brooklyn 5 |
BOTTOM OF THE 6TH |
Brooklyn Dodgers batting - Pitching for Philadelphia 1776 BC : RHP William MacKnight
|
Pitching: RHP Frank Walker
|
|
Batting: RHB Adrian Rodgers
|
0-0: Called Strike 0-1: Swinging Strike 0-2: Strikes out looking
|
Batting: RHB Gerald Clark
|
0-0: Ball 1-0: Ball 2-0: Called Strike 2-1: Called Strike 2-2: Ball 3-2: DOUBLE (Line Drive, 5D)
|
Batting: RHB Vincent Crane
|
0-0: Ball 1-0: Ball 2-0: Ball 3-0: Foul Ball, location: 2F 3-1: Base on Balls
|
Batting: LHB Mysterious Walker
|
0-0: Ball 1-0: Ground out 3-1 (Groundball, 23) Gerald Clark to third Vincent Crane to second
|
Batting: RHB Oliver Aranda
|
0-0: Foul Ball, location: 2F 0-1: Ball 1-1: Called Strike 1-2: Strikes out looking
|
Bottom of the 6th over - 0 runs, 1 hit, 0 errors, 2 left on base; Philadelphia 1776 0 - Brooklyn 5 |
TOP OF THE 7TH |
Philadelphia 1776 BC batting - Pitching for Brooklyn Dodgers : RHP Eddie Kop
|
Batting: RHB Patrizio Vanali
|
0-0: Ball 1-0: Swinging Strike 1-1: Swinging Strike 1-2: SINGLE (Groundball, 25) (infield hit)
|
Batting: SHB Jesús Cabañe
|
0-0: Ball 1-0: Ball 2-0: Swinging Strike 2-1: Foul Ball, location: 2F 2-2: Ball 3-2: SINGLE (Flyball, 9LS) Patrizio Vanali to second Runner from 2nd tries for 3rd, SAFE, throw made to third
|
Batting: RHB Fernando Rivera
|
0-0: Foul Ball, location: 2F 0-1: Ball 1-1: Ball 2-1: Swinging Strike 2-2: Fielders Choice at 2nd, 6-4 (Groundball, 6M) Patrizio Vanali scores
|
Pitching: LHP Scott Mildren
|
|
Batting: LHB Tony Vega
|
0-0: Ball 1-0: Called Strike 1-1: Foul Ball, location: 2F 1-2: Ball 2-2: Foul Ball, location: 2F 2-2: Ball 3-2: Strikes out swinging
|
Batting: LHB Cliff Aldridge
|
0-0: Ball 1-0: Ground out U3 (Groundball, 3)
|
Top of the 7th over - 1 run, 2 hits, 0 errors, 1 left on base; Philadelphia 1776 1 - Brooklyn 5 |
BOTTOM OF THE 7TH |
Brooklyn Dodgers batting - Pitching for Philadelphia 1776 BC : RHP Frank Walker
|
Batting: SHB Juan Rivas
|
0-0: Ball 1-0: Ball 2-0: SINGLE (Line Drive, 89M)
|
Batting: LHB Avon Barksdale
|
0-0: Foul Ball, location: 2F 0-1: Ball 1-1: Ball 2-1: Ball 3-1: Called Strike 3-2: Strikes out looking Juan Rivas steals 2nd base Batter strikes out.
|
Batting: LHB Ki-tak Im
|
0-0: Ball 1-0: 2-RUN HOME RUN (Flyball, 9D), Distance : 388 ft
|
Batting: RHB Gustavo Mateo
|
0-0: Called Strike 0-1: Called Strike 0-2: Ball 1-2: Foul Ball, location: 2F 1-2: Ball 2-2: SINGLE (Flyball, 89S)
|
Batting: RHB Adrian Rodgers
|
0-0: Called Strike 0-1: DOUBLE (Line Drive, 8RXD) Gustavo Mateo to third
|
Batting: RHB Gerald Clark
|
Balk! Gustavo Mateo scores Adrian Rodgers to third 0-0: Fly out, F2 (Popup, 23F)
|
Batting: RHB Vincent Crane
|
0-0: Ground out 3-1 (Groundball, 34)
|
Bottom of the 7th over - 3 runs, 4 hits, 0 errors, 1 left on base; Philadelphia 1776 1 - Brooklyn 8 |
TOP OF THE 8TH |
Philadelphia 1776 BC batting - Pitching for Brooklyn Dodgers : LHP Scott Mildren
|
Batting: LHB Manoo Satyavrat
|
0-0: Called Strike 0-1: SINGLE (Groundball, 56S) (infield hit)
|
Batting: RHB Dave Morris
|
0-0: Ball 1-0: Called Strike 1-1: Foul Ball, location: 2F 1-2: Strikes out swinging
|
Batting: SHB Sam Quint
|
0-0: Ball 1-0: Called Strike 1-1: Swinging Strike 1-2: Strikes out looking
|
Batting: RHB John Schnatter
|
0-0: Ball 1-0: Called Strike 1-1: Ball 2-1: Foul Ball, location: 2F 2-2: Strikes out looking
|
Top of the 8th over - 0 runs, 1 hit, 0 errors, 1 left on base; Philadelphia 1776 1 - Brooklyn 8 |
BOTTOM OF THE 8TH |
Brooklyn Dodgers batting - Pitching for Philadelphia 1776 BC : RHP Frank Walker
|
Batting: LHB Mysterious Walker
|
0-0: Ground out 4-3 (Groundball, 4)
|
Batting: RHB Oliver Aranda
|
0-0: Called Strike 0-1: Foul Ball, location: 2F 0-2: Foul Ball, location: 2F 0-2: Foul Ball, location: 2F 0-2: Ball 1-2: Strikes out swinging
|
Batting: SHB Juan Rivas
|
0-0: Ball 1-0: Called Strike 1-1: Ball 2-1: Hit by Pitch
|
Batting: LHB Avon Barksdale
|
0-0: Ball 1-0: Ball 2-0: Called Strike 2-1: Foul Ball, location: 2F 2-2: SINGLE (Line Drive, 8RS) Juan Rivas to second Runner from 2nd tries for 3rd, SAFE, no throw
|
Batting: LHB Ki-tak Im
|
0-0: Ball 1-0: Ball 2-0: Called Strike 2-1: Foul Ball, location: 2F 2-2: Ball 3-2: Base on Balls Avon Barksdale to second
|
Batting: RHB Gustavo Mateo
|
0-0: Ball 1-0: Fly out, F7 (Flyball, 7S)
|
Bottom of the 8th over - 0 runs, 1 hit, 0 errors, 3 left on base; Philadelphia 1776 1 - Brooklyn 8 |
TOP OF THE 9TH |
Philadelphia 1776 BC batting - Pitching for Brooklyn Dodgers : LHP Scott Mildren
|
Batting: RHB Patrizio Vanali
|
0-0: Ball 1-0: Foul Ball, location: 2F 1-1: Ball 2-1: Called Strike 2-2: Foul Ball, location: 2F 2-2: Ground out 4-3 (Groundball, 4M)
|
Batting: SHB Jesús Cabañe
|
0-0: Called Strike 0-1: Ball 1-1: Ball 2-1: Ball 3-1: Foul Ball, location: 2F 3-2: Base on Balls
|
Batting: RHB Fernando Rivera
|
0-0: Ball 1-0: Called Strike 1-1: Ball 2-1: Ball 3-1: SINGLE (Line Drive, 56) Jesús Cabañe to second
|
Batting: LHB Tony Vega
|
0-0: Foul Ball, location: 2F 0-1: Swinging Strike 0-2: Fly out, F9 (Line Drive, 9D) Runner from 2nd tags up, SAFE at 3rd, no throw
|
Batting: LHB Cliff Aldridge
|
0-0: Ball 1-0: Ground out 6-3 (Groundball, 6MD)
|
Top of the 9th over - 0 runs, 1 hit, 0 errors, 2 left on base; Philadelphia 1776 1 - Brooklyn 8 |
|